 Dungeon Crawl Stone Soup version 0.32-a0-886-g41c5271027 (webtiles) character file.

Game seed: 10884637097314585712

109663 P0WERM0DE the Warrior (level 16, 0/127 (130) HPs)
             Began as a Coglin Chaos Knight on Apr 2, 2024.
             Was an Elder of Jiyva.
             Slain by a +5 glaive of protection (19 damage)
             ... on level 2 of the Elven Halls.
             The game lasted 00:41:24 (10438 turns).

P0WERM0DE the Warrior (Coglin Chaos Knight)        Turns: 10438, Time: 00:41:25

HP:   0/127 (130)   AC: 23    Str: 15    XL:     16   Next: 25%
MP:   17/21         EV:  7    Int: 18    God:    Jiyva [****..]
Gold: 186           SH:  0    Dex: 19    Spells: 18/22 levels left

rFire   + + +        b - +2 broad axe (chaos) {Kanlaya}
rCold   + . .        a - +6 broad axe (heavy) {Xue}
rNeg    . . .        u - +0 storm dragon scales
rPois   +            v - +2 hat
rElec   +            R - +1 cloak of Lugonu's Displeasure {rC+ Regen+ Dex+6}
rCorr   +            e - +0 pair of gloves
SInv    .            (no boots)
Will    ++...        (amulet unavailable) Stlth
                     (ring unavailable)
HPRegen 2.49/turn    (ring unavailable)
MPRegen 0.81/turn    L - tuning turbomatrix {Rampage Acrobat rPois rCorr Slay+3}

%: acrobat, rampage
@: lightly drained
A: off-hand wielding, slow wielding, warmup strikes, no jewellery, iridescent
scales 2, fire resistance 3, frail 1, strong-willed 1, sense surroundings 1,
shaggy fur 1, electricity resistance, jelly sensing items, persistent drain
a: Renounce Religion, Oozemancy, Slimify


You were on level 2 of the Elven Halls.
You worshipped Jiyva.
Jiyva was greatly pleased with you.
You visited 4 branches of the dungeon, and saw 22 of its levels.
You also visited: Bailey, Ice Cave and Volcano.

You collected 1509 gold pieces.
You spent 1323 gold pieces at shops.

Inventory:

Hand Weapons
 a - a +6 heavy broad axe (offhand) {Xue}
   (You acquired it on level 2 of the Lair of Beasts)
 b - a +2 broad axe of chaos (weapon) {Kanlaya}
   (You acquired it on level 5 of the Lair of Beasts)
 c - a +1 whip of electrocution {Fernanda}
   (You took it off a kobold on level 10 of the Dungeon)
 k - a +1 broad axe of holy wrath
   (You acquired it on level 2 of the Lair of Beasts)
 x - a +0 rapier of distortion
   (You took it off a spriggan on level 5 of the Lair of Beasts)
 A - a +1 demon trident of venom {Numeria}
   (You found it on level 2 of the Dungeon)
 G - a +0 hand axe of chaos {Theobald}
 J - a +4 scimitar of flaming
   (You took it off Erica on level 8 of the Dungeon)
 K - the +1 flail "Goojafi" {drain, rElec Str+3}
   (You found it on level 3 of the Lair of Beasts)

   Str+3:     It affects your strength (+3).
   rElec:     It insulates you from electricity.
Missiles
 B - a throwing net
Armour
 e - a +0 pair of gloves (worn)
   (You found it on level 6 of the Dungeon)
 h - +0 fire dragon scales
   (You found it in a volcano)
 m - a +3 plate armour
   (You took it off an orc warrior on level 8 of the Dungeon)
 u - +0 storm dragon scales (worn)
   (You found it on level 3 of the Dungeon)
 v - a +2 hat (worn)
   (You took it off Gastronok on level 2 of the Lair of Beasts)
 C - a +0 troll leather armour
   (You found it on level 12 of the Dungeon)
 M - a +2 leather armour
 N - a +3 leather armour of fire resistance
   (You found it in a volcano)
 R - the +1 cloak of Lugonu's Displeasure (worn) {rC+ Regen+ Dex+6}
   (You acquired it on level 9 of the Dungeon)

   Dex+6:     It affects your dexterity (+6).
   rC+:       It protects you from cold.
   Regen+:    It increases your rate of health regeneration.
Gizmo
 L - a tuning turbomatrix (installed) {Rampage Acrobat rPois rCorr Slay+3}
   (You invented it yourself on level 4 of the Lair of Beasts)

   [tuning turbomatrix]

   Slay+3:    It affects your accuracy & damage with ranged weapons and melee
   (+3).
   rPois:     It protects you from poison.
   rCorr:     It protects you from acid and corrosion.
   Rampage:   It bestows one free step when moving towards enemies.
   Acrobat:   It increases your evasion after moving or waiting.
Wands
 s - a wand of flame (9)
   (You bought it in a shop on level 10 of the Dungeon)
 I - a wand of warping (2)
   (You found it on level 12 of the Dungeon)
 Q - a wand of acid (2)
   (You took it off Maurice on level 2 of the Orcish Mines)
Scrolls
 f - 2 scrolls of fog
 g - 4 scrolls of vulnerability
 i - 2 scrolls of revelation
 o - 3 scrolls of amnesia
 p - 3 scrolls of enchant armour
 r - 5 scrolls of identify
 t - 8 scrolls of teleportation
 z - a scroll of blinking
 O - 2 scrolls of immolation
 S - a scroll of brand weapon
 T - a scroll of silence
Potions
 d - a potion of might
 j - 3 potions of cancellation
 l - 2 potions of enlightenment
 n - a potion of resistance
 q - a potion of curing
 w - a potion of heal wounds
 y - 3 potions of mutation
 D - a potion of attraction
 E - 3 potions of lignification
 F - 2 potions of brilliance
 H - 5 potions of invisibility
 P - 8 potions of ambrosia


   Skills:
 * Level 18.5 Fighting
 * Level 18.4 Axes
 - Level 6.0 Armour
 * Level 4.4 Dodging
 * Level 3.8 Spellcasting
 * Level 4.6 Translocations
 - Level 9.0 Evocations


You had 18 spell levels left.
You knew the following spells:

 Your Spells              Type           Power      Damage    Failure   Level
b - Blink                 Tloc           40%        N/A       50%         2
c - Lesser Beckoning      Tloc           40%        N/A       50%         2

Your spell library contained the following spells:

 Spells                   Type           Power      Damage    Failure   Level
 Maxwell's Portable Pile  Tloc           20%        2d(7-19)  73%         3
 Teleport Other           Tloc           20%        N/A       73%         3
 Magic Dart               Conj           12%        1d3       94%         1
 Call Imp                 Summ           6%         N/A       98%         2
 Cigotuvi's Dreadful Rot  Necr/Alch/Air  6%         N/A       98%         2
 Searing Ray              Conj           6%         2d4       98%         2
 Sublimation of Blood     Necr           3%         N/A       98%         2
 Dispel Undead            Necr           3%         3d7       100%        4
 Fulminant Prism          Conj/Alch      1%         3d5       100%        4
 Martyr's Knell           Necr/Summ      3%         N/A       100%        4
 Arcjolt                  Conj/Air       1%         1d11      100%        5
 Summon Hydra             Summ           1%         N/A       100%        7
 Maxwell's Capacitive Co  Air            1%         ∞         100%        8


Dungeon Overview and Level Annotations

Branches:
Dungeon (12/15)            Temple (0/1) D:5            Lair (5/5) D:11
  Swamp (0/4) Lair:3       Spider (0/4) Lair:2        Slime (0/5) Lair:4
    Orc (2/2) D:11            Elf (3/3) Orc:2        Bailey (visited)
  IceCv (visited)         Volcano (visited)

Altars:
Elyvilon
Fedhas
Kikubaaqudgha
Makhleb
Qazlal
Trog
Vehumet
Beogh
Jiyva
Lugonu

Shops:
D:3 *   D:7 !   D:9 (   D:10 *   D:12 ?   Orc:1 *   Orc:2 :(:??   Elf:3 *(

Portals:
Abyss: Lair:5

Annotations:
D:4 1 runed translucent door, niknal's ghost, novice MDSu
D:12 1 transporter
Orc:2 Donald


Innate Abilities, Weirdness & Mutations

You can wield a second weapon in your off-hand.
It takes a long time for you to wield or remove held weapons.
Your first few attacks do less damage.
You cannot equip rings or amulets.
You are mostly covered in iridescent scales. (AC +4)
Your flesh is almost immune to the effects of heat. (rF+++)
You are frail. (-10% HP)
You are strong-willed. (Will+)
You passively map a small area around you.
You are covered in fur. (AC +1)
You are resistant to electric shocks. (rElec)
You have a small jelly attached to you that senses nearby items.
Your health recovers twice as slowly from being drained.


Message History

The walls burn the Tzitzimitl!
The walls burn the lost soul!
You destroy the lost soul!
The lost soul fades away!
The walls burn the ice devil!
You kill the ice devil!
The ice devil disappears in a puff of smoke!
The walls burn the neqoxec!
The neqoxec gestures at you. Something gnaws on your mind!
* * * LOW HITPOINT WARNING * * *
You feel your power leaking away.
The walls burn the neqoxec!
The walls burn the deep elf death mage!
The walls burn the ghostly deep elf demonologist!
The deep elf demonologist gestures wildly while chanting.
You hear a shout!
Aiming: Corrosive Bolt
Press: ? - help, Shift-Dir - straight line, f - ghostly deep elf demonologist
Aim: a ghostly deep elf demonologist, wielding a +0 long sword and wearing a +0 leather armour (almost destroyed, covered in acid, 64% to hit)
The bolt of acid hits the neqoxec!!
The acid corrodes the neqoxec!
You kill the neqoxec!
The neqoxec disappears in a puff of smoke!
You feel a bit more experienced.
The walls burn the Tzitzimitl!
The Tzitzimitl calls on the powers of darkness!
The deep elf death mage convulses!
The deep elf demonologist convulses!
Your body is wracked with pain!
* * * LOW HITPOINT WARNING * * *
The walls burn the balrug!
The walls burn the neqoxec!
The walls burn the deep elf demonologist!
The walls burn the deep elf death mage!
The walls burn the Tzitzimitl!
There is a stone staircase leading up here.
You climb upwards.
The +5 glaive of protection hits you but does no damage.
The +5 glaive of protection hits you!
* * * LOW HITPOINT WARNING * * *
There is a stone staircase leading down, spattered with blood here.
The +5 glaive of protection hits you!!
You die...
Jiyva sends a jelly to digest your remains.
Xom cackles wildly!

*#####*
##.....#
##.....e.#
##.........
#./..♣(♣...
#...♣e..♣..
#...e......
#...♣e..♣
#%@(e♣, , *
##....e..e.
##....$..'
##.....##
##+### * *
####+#### ,
#..<....# *


You could see 2 deep elf archers, 2 deep elf knights, 3 deep elf zephyrmancers
and 2 dancing weapons.

Vanquished Creatures
  Jorgrun (Orc:1)
  A deep elf blademaster (Elf:3)
  Gastronok (Lair:2)
  2 deep elf sorcerers (Elf:3)
  An azure jelly (IceCv)
  3 deep elf elementalists (Elf:3)
  3 quicksilver oozes (IceCv)
  A deep elf demonologist (Elf:3)
  A fire dragon (Volcano)
  Snorg (D:10)
  3 hydras
  A deep elf high priest (Elf:3)
  A centaur warrior (D:12)
  An ogre mage (Orc:2)
  3 dancing weapons
  5 two-headed ogres
  5 death yaks (Lair:4)
  Erica (D:8)
  A boulder beetle (Lair:2)
  3 thrashing horrors (Lair:5)
  A spriggan berserker (Lair:4)
  A skyshark (Lair:3)
  Nergalle (Orc:2)
  3 deep elf knights
  A fire crab (Volcano)
  2 deep elf archers (Elf:1)
  2 large abominations (Lair:5)
  2 thermic dynamos (Elf:3)
  An orc knight (Orc:1)
  10 deep elf pyromancers
  6 deep elf zephyrmancers
  2 obsidian bats (Orc:2)
  A wolf spider (Lair:1)
  A cyclops (D:12)
  10 orc sorcerers (Orc:2)
  2 manticores (D:11)
  2 ugly things
  Maurice (Orc:2)
  A moth of wrath (Lair:4)
  17 elephants
  3 black mambas
  An ice statue (IceCv)
  5 kobold blastminers (Orc:2)
  2 smoke demons (Lair:5)
  Maggie (D:10)
  2 torpor snails (Lair:4)
  9 cane toads
  A rime drake (Lair:4)
  7 komodo dragons
  A kobold demonologist (D:10)
  7 trolls
  A queen bee (D:11)
  2 polar bears
  43 blink frogs
  2 raiju (Lair:5)
  6 slime creatures (IceCv)
  Sigmund (D:3)
  4 spriggans
  A wraith (D:12)
  An air elemental (Elf:1)
  2 shadows
  7 wyverns
  2 water elementals (Elf:2)
  A fire bat (shapeshifter) (Lair:5)
  22 yaks
  A fire elemental (Elf:3)
  2 ynoxinuls (Lair:5)
  2 basilisks
  15 fire bats (Volcano)
  A warg (Orc:1)
  2 redbacks (Lair:2)
  3 chaos spawn (Lair:5)
  11 small abominations (Lair:5)
  15 water moccasins
  2 great orb of eyes simulacra (IceCv)
  11 orc warriors
  A swamp drake (Lair:3)
  A sky beast (D:7)
  19 wolves
  7 ogres
  A boggart (shapeshifter) (Lair:5)
  7 centaurs
  2 phantoms
  4 slime creature simulacra (IceCv)
  13 bullfrogs
  A kobold brigand (D:10)
  A scorpion (D:6)
  3 glowing shapeshifter simulacra (IceCv)
  3 earth elementals
  A gnoll sergeant (D:10)
  11 wights
  27 killer bees
  8 howler monkeys
  5 lava snakes (Volcano)
  2 bombardier beetles
  2 hounds
  4 jellies
  A gnoll bouda (D:9)
  12 orc priests
  Crazy Yiuf (D:4)
  A sleepcap (D:8)
  Jessica (D:2)
  3 iguanas
  27 orc wizards
  2 shapeshifter simulacra (IceCv)
  26 gnolls
  7 adders
  A shadow imp (D:5)
  3 white imps
  An ufetubus (D:7)
  A ribbon worm (D:5)
  56 orcs
  7 bats
  7 endoplasms
  4 giant cockroaches
  9 goblins
  5 hobgoblins
  8 jackals
  19 kobolds
  2 quokkas
  5 ball pythons
  4 frilled lizards
  4 rats
645 creatures vanquished.

Vanquished Creatures (collateral kills)
  The ghost of Syneil the Severer, a journeyman CoBe of Trog (Lair:4)
  A two-headed ogre (D:8)
  A moth of wrath (Lair:4)
  A cane toad (Lair:1)
  A hornet (Lair:4)
  A spriggan (Lair:4)
  3 yaks (Lair:1)
  A water moccasin (Lair:1)
  An ice beast (D:8)
  A wolf (Lair:1)
  3 centaurs
  A kobold brigand (D:8)
  A bullfrog (D:8)
  2 killer bees (D:8)
19 creatures vanquished.

Vanquished Creatures (others)
  An ice statue (IceCv)
  2 slime creatures (IceCv)
  2 slime creature simulacra (IceCv)
  9 jellies
  An orc wizard (Orc:2)
  A shapeshifter simulacrum (IceCv)
  2 orcs
  7 endoplasms (Lair:4)
25 creatures vanquished.

Grand Total: 689 creatures vanquished

Notes
Turn   | Place    | Note
-------+----------+-------------------------------------------
     0 | D:1      | P0WERM0DE the Coglin Chaos Knight began the quest for the
                  | Orb.
     0 | D:1      | Reached XP level 1. HP: 18/18 MP: 1/1
    15 | D:1      | Reached XP level 2. HP: 15/24 MP: 2/2
    29 | D:1      | XOM: divination: magic mapping
   211 | D:1      | Reached XP level 3. HP: 24/29 MP: 3/3
   622 | D:1      | Found a faded altar of an unknown god.
   766 | D:2      | Noticed Jessica
   770 | D:2      | XOM: enchant monster (bad)
   780 | D:2      | Killed Jessica
   781 | D:2      | Reached XP level 4. HP: 29/37 MP: 4/4
   904 | D:2      | XOM: silly message
   938 | D:2      | Reached XP level 5. HP: 17/43 MP: 5/5
  1226 | D:3      | XOM: 2-stop teleportation journey
  1233 | D:3      | Found Niasahy's General Store.
  1236 | D:3      | Bought a potion of lignification for 36 gold pieces
  1302 | D:3      | Noticed Sigmund
  1322 | D:3      | XOM: silly message
  1323 | D:3      | Killed Sigmund
  1324 | D:3      | Reached skill level 5 in Fighting
  1324 | D:3      | Reached skill level 5 in Axes
  1324 | D:3      | Reached XP level 6. HP: 35/51 MP: 6/6
  1520 | D:4      | Reached XP level 7. HP: 43/57 MP: 7/7
  1679 | D:4      | XOM: god gift: staff of air
  1703 | D:4      | XOM: stat loss: -1 Int (12/13)
  1869 | D:5      | Entered Level 5 of the Dungeon
  1889 | D:4      | Found a runed translucent door.
  1891 | D:4      | Noticed niknal's ghost (novice MDSu)
  1963 | D:4      | XOM: cloud trail
  1985 | D:4      | Found a burning altar of Makhleb.
  1989 | D:4      | XOM: enchant monster (good)
  1992 | D:4      | Found a radiant altar of Vehumet.
  1993 | D:4      | Found a bloodstained altar of Trog.
  1996 | D:4      | Found a blossoming altar of Fedhas.
  2072 | D:5      | Found a staircase to the Ecumenical Temple.
  2100 | D:5      | Identified the +0 trident "Adaemyad" {drain, Str-5 Dex+4}
  2107 | D:5      | XOM: silly message
  2108 | D:5      | XOM: summons 4 friendly demons
  2121 | D:5      | XOM: confusion (+ monsters)
  2140 | D:5      | Reached XP level 8. HP: 28/65 MP: 8/8
  2150 | D:5      | XOM: stat loss: -1 Dex (12/13)
  2166 | D:5      | XOM: draining
  2187 | D:5      | Found a stormy altar of Qazlal.
  2202 | D:5      | XOM: give mutations
  2202 | D:5      | Gained mutation: You are resistant to electric shocks.
                  | (rElec) [Xom's mischief]
  2202 | D:5      | Gained mutation: You are frail. (-10% HP) [Xom's mischief]
  2274 | D:4      | Found a runed translucent door.
  2275 | D:4      | Noticed Crazy Yiuf
  2282 | D:4      | Killed Crazy Yiuf
  2368 | D:5      | XOM: summons 5 hostile demons
  2369 | D:5      | Noticed a sun demon
  2511 | D:6      | XOM: give mutations
  2511 | D:6      | Gained mutation: You are covered in fur. (AC +1) [Xom's
                  | mischief]
  2511 | D:6      | Gained mutation: Your health recovers twice as slowly from
                  | being drained. [Xom's mischief]
  2687 | D:6      | XOM: scenery: 1 doors open
  2817 | D:7      | XOM: polymorph white imp -> ufetubus
  2819 | D:7      | Noticed a wyvern
  2948 | D:6      | XOM: god gift: 28 gold pieces
  3000 | D:7      | Reached XP level 9. HP: 41/64 MP: 9/9
  3192 | D:7      | Found Bungir's Distillery.
  3207 | D:7      | Bought a potion of might for 64 gold pieces
  3207 | D:7      | Bought a potion of curing for 48 gold pieces
  3207 | D:7      | Bought a potion of curing for 48 gold pieces
  3217 | D:7      | Bought a potion of mutation for 128 gold pieces
  3399 | D:7      | XOM: summons friendly quasit
  3405 | D:7      | HP: 2/91 [wight/+4 dire flail of freezing (5)]
  3756 | D:8      | XOM: scenery: 4 doors open
  3756 | D:8      | Noticed a brown ugly thing
  3756 | D:8      | Noticed a two-headed ogre
  3762 | D:8      | XOM: cast spell 'Iskenderun's Battlesphere'
  3917 | D:8      | XOM: scenery: summon butterflies
  3919 | D:8      | XOM: divination: detect creatures
  3957 | D:8      | XOM: 1-stop teleportation journey
  3958 | D:8      | Noticed Erica
  3971 | D:9      | Noticed a manticore
  3971 | D:9      | Noticed a two-headed ogre
  3972 | D:9      | Noticed a boulder beetle
  3972 | D:9      | Noticed a gargoyle
  4006 | D:9      | Found Wiatyb's Weapon Shop.
  4034 | D:9      | XOM: divination: detect items
  4048 | D:9      | Reached skill level 10 in Fighting
  4048 | D:9      | Reached skill level 10 in Axes
  4059 | D:9      | Reached XP level 10. HP: 48/74 MP: 10/10
  4066 | D:9      | XOM: noise
  4082 | D:9      | Found a flagged portal.
  4091 | Bailey   | Entered a bailey
  4567 | D:9      | Acquired the +1 cloak of Lugonu's Displeasure {rC+ Regen+
                  | Dex+6}
  4695 | D:9      | XOM: chaos upgrade
  4720 | D:9      | Noticed a two-headed ogre
  4739 | D:10     | Entered Level 10 of the Dungeon
  4739 | D:10     | Noticed Maggie
  4740 | D:10     | Noticed a kobold demonologist
  4824 | D:9      | XOM: confuse monster(s)
  4858 | D:9      | XOM: divination: detect items
  4860 | D:9      | XOM: enchant monster (good)
  4862 | D:9      | XOM: divination: detect items
  4896 | D:9      | Killed a two-headed ogre
  4939 | D:9      | XOM: divination: detect items
  5258 | D:8      | Killed Erica
  5259 | D:8      | Reached XP level 11. HP: 70/85 MP: 11/11
  5274 | D:8      | XOM: scenery: 2 doors close
  5274 | D:8      | Killed a two-headed ogre
  5279 | D:8      | Killed a brown ugly thing
  5517 | D:10     | XOM: summons friendly ufetubus
  5550 | D:9      | XOM: give mutations
  5550 | D:9      | Gained mutation: You passively map a small area around you.
                  | [Xom's grace]
  5550 | D:9      | Gained mutation: You are partially covered in iridescent
                  | scales. (AC +2) [Xom's grace]
  5550 | D:9      | Gained mutation: You are strong-willed. (Will+) [Xom's
                  | grace]
  5550 | D:9      | Gained mutation: You are mostly covered in iridescent
                  | scales. (AC +4) [Xom's grace]
  5564 | D:10     | XOM: confuse monster(s)
  5565 | D:10     | XOM: enchant monster (good)
  5568 | D:10     | Noticed Snorg
  5580 | D:10     | XOM: confuse monster(s)
  5601 | D:10     | Killed Snorg
  5666 | D:10     | Found a white marble altar of Elyvilon.
  5699 | D:10     | XOM: summons friendly ufetubus
  5704 | D:10     | Killed Maggie
  5761 | D:10     | Found Qiasavin's CLEARANCE SALE!.
  5765 | D:10     | Bought a throwing net for 15 gold pieces
  5765 | D:10     | Bought a scroll of brand weapon for 47 gold pieces
  5765 | D:10     | Bought a wand of flame (6) for 21 gold pieces
  5815 | D:11     | Noticed a cyclops
  5829 | D:11     | Found a staircase to the Orcish Mines.
  5838 | D:11     | Noticed a two-headed ogre
  5843 | D:11     | Killed a two-headed ogre
  5875 | D:12     | Noticed a centaur warrior
  5875 | D:12     | XOM: divination: magic mapping
  5876 | D:12     | XOM: cast spell 'Animate Armour'
  5882 | D:12     | Killed a centaur warrior
  5893 | D:12     | Noticed a cyclops
  5903 | D:12     | Killed a cyclops
  5927 | D:12     | XOM: scenery: 2 doors open
  6027 | D:12     | Found a transporter.
  6029 | D:12     | Found Ywoss's Magic Scroll Boutique.
  6159 | D:12     | Noticed a two-headed ogre
  6165 | D:12     | Killed a two-headed ogre
  6166 | D:12     | Reached skill level 1 in Evocations
  6178 | D:12     | XOM: confuse monster(s)
  6237 | D:12     | Noticed a two-headed ogre
  6247 | D:12     | Killed a two-headed ogre
  6248 | D:12     | Reached XP level 12. HP: 79/94 MP: 12/12
  6282 | D:11     | Found a staircase to the Lair.
  6287 | Lair:1   | Entered Level 1 of the Lair of Beasts
  6322 | Lair:1   | XOM: cast spell 'Summon Hydra'
  6339 | Lair:1   | XOM: scenery: 2 doors open
  6357 | Lair:1   | XOM: polymorph wolf -> gnoll
  6396 | Lair:1   | XOM: destruction
  6457 | Lair:1   | XOM: summons friendly quasit
  6459 | Lair:1   | XOM: fog
  6553 | Lair:1   | XOM: cast spell 'Fugue of the Fallen'
  6555 | Lair:1   | XOM: divination: detect items
  6560 | Lair:1   | XOM: divination: magic mapping
  6628 | Lair:1   | Reached skill level 5 in Evocations
  6638 | Lair:1   | XOM: divination: magic mapping
  6645 | Lair:1   | XOM: potion effect (haste)
  6661 | Lair:1   | XOM: cast spell 'Animate Armour'
  6718 | Lair:1   | XOM: silly message
  6801 | Lair:2   | Acquired a +1 heavy broad axe
  6819 | Lair:2   | Found a hole to the Spider Nest.
  6822 | Lair:2   | XOM: silly message
  6835 | Lair:2   | Noticed Gastronok
  6853 | Lair:2   | Found a frozen archway.
  6857 | IceCv    | Entered an ice cave
  6875 | IceCv    | XOM: cast spell 'Summon Ice Beast'
  6884 | IceCv    | XOM: cast spell 'Summon Small Mammal'
  6982 | IceCv    | Reached skill level 5 in Armour
  7004 | IceCv    | Noticed a quicksilver ooze
  7009 | IceCv    | Killed a quicksilver ooze
  7053 | IceCv    | Noticed a quicksilver ooze
  7063 | IceCv    | Killed a quicksilver ooze
  7064 | IceCv    | Reached XP level 13. HP: 27/102 MP: 1/13
  7105 | IceCv    | Noticed an azure jelly
  7110 | IceCv    | Killed an azure jelly
  7115 | IceCv    | Noticed a quicksilver ooze
  7120 | IceCv    | Killed a quicksilver ooze
  7180 | IceCv    | Found a viscous altar of Jiyva.
  7196 | IceCv    | Identified the amulet of Wuidov {Spirit rC+ rCorr Str+2}
  7198 | IceCv    | Identified the amulet "Xoifostr Ylle" {Reflect rPois Str+4
                  | Slay-2 SH+5}
  7199 | IceCv    | Identified the ring "Ipacu" {Str+3 SInv}
  7205 | IceCv    | Fell from the grace of Xom
  7205 | IceCv    | Became a worshipper of Jiyva Jeof the Shapeless
  7340 | Lair:2   | Found a dark tunnel.
  7345 | Volcano  | Entered a volcano
  7451 | Volcano  | Noticed a fire dragon
  7475 | Volcano  | Killed a fire dragon
  7482 | Volcano  | Found a burning altar of Makhleb.
  7576 | Lair:2   | Reached * piety under Jiyva
  7636 | Lair:3   | Reached skill level 15 in Fighting
  7643 | Lair:3   | Reached skill level 15 in Axes
  7719 | Lair:3   | Found a staircase to the Swamp.
  7788 | Lair:3   | Reached ** piety under Jiyva
  7806 | Lair:3   | Identified the +1 flail "Goojafi" {drain, rElec Str+3}
  8096 | Lair:4   | Found a transporter.
  8101 | Lair:4   | Found a bloodstained altar of Trog.
  8101 | Lair:4   | Noticed Syneil's ghost (journeyman CoBe)
  8111 | Lair:4   | Found a transporter.
  8113 | Lair:4   | XOM: enchant monster (bad)
  8134 | Lair:4   | Found a viscous altar of Jiyva.
  8134 | Lair:4   | Found a staircase to the Slime Pits.
  8142 | Lair:4   | Reached XP level 14. HP: 95/111 MP: 14/14
  8142 | Lair:4   | Acquired a tuning turbomatrix {Rampage Acrobat rPois rCorr
                  | Slay+3}
  8166 | Lair:4   | Reached *** piety under Jiyva
  8211 | Lair:4   | XOM: 4-stop teleportation journey
  8255 | Lair:4   | XOM: noise
  8306 | Lair:4   | You fall into a shaft and drop 1 floor!
  8306 | Lair:5   | Entered Level 5 of the Lair of Beasts
  8386 | Lair:5   | Acquired a +2 broad axe of freezing
  8519 | Lair:5   | Found a corrupted altar of Lugonu.
  8519 | Lair:5   | Found a one-way gate to the infinite horrors of the Abyss.
  8521 | Lair:5   | Found the +3 warlock's mirror {omnireflect}
  8542 | Lair:5   | Got an earthy gem with 2108 turns to spare
  8789 | Lair:4   | XOM: silly message
  8852 | Lair:4   | Reached XP level 15. HP: 114/120 MP: 15/15
  8868 | Lair:4   | Killed Syneil's ghost
  8886 | Lair:4   | XOM: silly message
  8924 | Lair:2   | XOM: silly message
  8950 | Lair:2   | Killed Gastronok
  8960 | Lair:2   | Acquired a +1 broad axe of holy wrath
  9057 | D:11     | Reached **** piety under Jiyva
  9063 | D:11     | Gained mutation: You have a small jelly attached to you
                  | that senses nearby items. [Jiyva's grace]
  9063 | D:11     | Gained mutation: Your flesh is heat resistant. (rF+)
                  | [Jiyva's grace]
  9063 | D:11     | Gained mutation: Your flesh is very heat resistant. (rF++)
                  | [Jiyva's grace]
  9063 | D:11     | Gained mutation: Your flesh is almost immune to the effects
                  | of heat. (rF+++) [Jiyva's grace]
  9121 | D:11     | XOM: potion effect (brilliance)
  9170 | D:11     | XOM: divination: magic mapping
  9261 | Orc:1    | Entered Level 1 of the Orcish Mines
  9261 | Orc:1    | Found Hegrar's Assorted Antiques.
  9269 | Orc:1    | XOM: noise
  9285 | Orc:1    | Noticed Jorgrun
  9296 | Orc:1    | Killed Jorgrun
  9320 | Orc:1    | Found a roughly hewn altar of Beogh.
  9320 | Orc:1    | XOM: 3-stop teleportation journey
  9338 | Orc:1    | Learned a level 2 spell: Blink
  9341 | Orc:1    | Learned a level 2 spell: Lesser Beckoning
  9416 | Orc:2    | Entered Level 2 of the Orcish Mines
  9418 | Orc:2    | Noticed Maurice
  9422 | Orc:2    | Noticed Donald
  9423 | Orc:2    | Reached skill level 1 in Dodging
  9426 | Orc:2    | Killed Maurice
  9440 | Orc:2    | Donald changed into Donald the formless jellyfish
  9440 | Orc:2    | Noticed Donald
  9470 | Orc:1    | Reached skill level 1 in Translocations
  9590 | Orc:2    | Reached skill level 1 in Spellcasting
  9636 | Orc:2    | Found a staircase to the Elven Halls.
  9643 | Orc:2    | Found Poluonem's Magic Scroll Emporium.
  9658 | Orc:2    | Bought a scroll of blinking for 127 gold pieces
  9658 | Orc:2    | Bought a scroll of brand weapon for 161 gold pieces
  9658 | Orc:2    | Bought a scroll of teleportation for 51 gold pieces
  9658 | Orc:2    | Bought a scroll of immolation for 68 gold pieces
  9658 | Orc:2    | Bought a scroll of identify for 34 gold pieces
  9658 | Orc:2    | Bought a scroll of identify for 34 gold pieces
  9740 | Orc:2    | Found Himin's Book Shop.
  9781 | Orc:2    | Found a radiant altar of Vehumet.
  9791 | Orc:2    | Found Humefug's Antique Weapon Shop.
  9807 | Orc:2    | Noticed Nergalle
  9816 | Orc:2    | Killed Nergalle
  9817 | Orc:2    | Found an ancient bone altar of Kikubaaqudgha.
  9833 | Orc:2    | Found a roughly hewn altar of Beogh.
  9833 | Orc:2    | Found Piviuf's Magic Scroll Boutique.
  9834 | Orc:2    | Found Lofom's Book Shop.
  9845 | Orc:2    | XOM: chaos upgrade
  9868 | Orc:2    | Bought a scroll of enchant weapon for 90 gold pieces
  9868 | Orc:2    | Bought a scroll of teleportation for 36 gold pieces
  9868 | Orc:2    | Bought a scroll of teleportation for 36 gold pieces
  9868 | Orc:2    | Bought a scroll of revelation for 90 gold pieces
  9868 | Orc:2    | Bought a scroll of enchant armour for 90 gold pieces
  9868 | Orc:2    | Bought a scroll of fog for 48 gold pieces
  9936 | Elf:1    | Entered Level 1 of the Elven Halls
 10036 | Elf:1    | Paralysed by an air elemental for 1 turns
 10156 | Elf:3    | Entered Level 3 of the Elven Halls
 10221 | Elf:3    | Found Napom's Antique Weapon Shop.
 10242 | Elf:2    | Reached XP level 16. HP: 122/129 MP: 20/20
 10304 | Elf:3    | Reached ***** piety under Jiyva
 10327 | Elf:3    | Found Tyekaf's Tempting Trifles.
 10335 | Elf:3    | Bought a scroll of teleportation for 51 gold pieces
 10403 | Elf:3    | XOM: noise
 10414 | Elf:3    | Noticed a deep elf blademaster
 10417 | Elf:3    | Noticed an Ice Fiend
 10423 | Elf:3    | Killed a deep elf blademaster
 10427 | Elf:3    | Killed a ghostly deep elf blademaster
 10428 | Elf:3    | Noticed a Tzitzimitl
 10438 | Elf:2    | Slain by a +5 glaive of protection

Illustrated notes

Levels and vault maps discovered:
D:1:      erik_arrival_blinker_ship, layout_loops_ring,
          hellmonk_ecumenical_altar_leap_of_faith, minmay_pentomino_z2
D:2:      layout_basic, minmay_splitting_lines, uniq_jessica, uniq_robin
D:3:      layout_basic, serial_shops, nicolae_shop_window_shopping,
          grunt_ministairs_9, minmay_misc_feat_tower, minmay_cut_off,
          uniq_sigmund
D:4:      layout_basic, minitemple, ebering_ghost_sewer_f,
          uniq_crazy_yiuf_cottage
D:5:      layout_basic, mainiacjoe_overflow_alcove_1, temple_pool_b,
          kennysheep_generic_room_8, uniq_edmund
D:6:      layout_basic
D:7:      layout_rooms, lemuel_coloured_pillars_altar, serial_shops, shop_coins
D:8:      cheibrodos_barr_body, layout_loops_cross, uniq_erica
D:9:      minmay_slanted_spiral_squares, layout_stronghold, enter_bailey_3,
          serial_shops, nicolae_shop_bloodbath_and_beyond
D:10:     layout_long_grid, elyvilon_altar_3, nicolae_shop_clearance,
          uniq_snorg, uniq_maggie
D:11:     layout_roguey [special_room_bee], lair_entry_dummy, orc_0_dummy
D:12:     layout_roguey, serial_shops, nicolae_shop_drivethru,
          serial_corexii_hall, corexii_hall_statues_l, corexii_hall_statues_t,
          corexii_hall_statues_t, kennysheep_potato
Lair:1:   layout_long_grid, nicolae_lair_run_with_the_wolves, grunt_megastairs_2
Lair:2:   layout_small_grid, spider_nest_entry_rubble, enter_volcano_4,
          portal_ice_cave_entry_pillars_2, uniq_gastronok
Lair:3:   layout_cave_pods, minmay_swamp_entry_reptiles,
          grunt_forest_small_clearing_treed, serial_bayou_shore_a,
          lemuel_fruit_fields, grunt_megastairs_5
Lair:4:   nzn_winding_woodlands_cross [nzn_winding_woodlands_5x15_eye,
          nzn_winding_woodlands_5x15_default,
          nzn_winding_woodlands_5x15_river_crossing,
          nzn_winding_woodlands_5x15_longhouse,
          nzn_winding_woodlands_15x15_five_gardens], layout_regular_city,
          nicolae_slime_entry_slimehenge, serial_rivers,
          chequers_serial_rivers_micro_b, chequers_serial_rivers_micro_b,
          chequers_serial_rivers_room_b, chequers_serial_rivers_micro_d,
          chequers_serial_rivers_large_a, chequers_serial_rivers_micro_a,
          gammafunk_ghost_wrathful_warriors
Lair:5:   hellmonk_lair_end_abyssal_woods, layout_regular_city,
          grunt_megastairs_1
Orc:1:    layout_caves, serial_shops, shop, basic_altar, uniq_jorgrun
Orc:2:    kennysheep_orc_mage_school, layout_diamond_mine, serial_shops,
          nicolae_shop_pleasant_corner_grove, uniq_donald, uniq_maurice
Elf:1:    elf_arrival_002, layout_gridlike, evilmike_minifort
Elf:2:    elven_hall_of_blades_hangedman_original
          [nicolae_blade_entry_area_security], layout_geoelf_grid
Elf:3:    minmay_elf_hall_not_hex, layout_loops_corners, serial_shops, shop,
          minivault_27, nicolae_alphabet_shops

Skill      XL: |  1  2  3  4  5  6  7  8  9 10 11 12 13 14 15 16 |
---------------+-------------------------------------------------+-----
Fighting       | 4 5 6 8 10 12 13 14 15 17 18 | 18.5
Axes           | 4 5 6 8 10 12 13 14 15 17 18 | 18.4
Armour         | 2 5 6 |  6.0
Evocations     | 2 7 9 |  9.0
Dodging        | 3 4 |  4.4
Translocations | 3 4 |  4.6
Spellcasting   | 3 |  3.8

Action                     |  1- 3 |  4- 6 |  7- 9 | 10-12 | 13-15 | 16-18 || total
---------------------------+-------+-------+-------+-------+-------+-------++-------
  Melee: Hand axe          |    69 |    32 |       |       |       |       ||   101
         Dagger            |    62 |    64 |   188 |   153 |       |       ||   467
         Demon trident     |       |    44 |   229 |   495 |   217 |       ||   985
         Whip              |       |       |       |   177 |       |       ||   177
         Broad axe         |       |       |       |    43 |   803 |    54 ||   900
  Throw: Dart              |       |       |       |     2 |       |       ||     2
 Invoke: Oozemancy         |       |       |       |       |     2 |     2 ||     4
Ability: Invent Gizmo      |       |       |       |       |     1 |       ||     1
  Evoke: Wand              |       |       |       |    14 |    14 |     3 ||    31
    Use: Scroll            |       |     2 |     9 |    14 |    11 |     1 ||    37
         Potion            |       |       |    14 |    10 |     6 |       ||    30
   Stab: Sleeping          |     1 |     1 |       |       |       |       ||     2
         Confused          |       |       |       |     3 |     3 |       ||     6
         Petrifying        |       |       |       |       |     3 |       ||     3
         Paralysed         |       |       |       |       |     3 |       ||     3
 Armour: Leather armour    |    54 |    52 |     8 |       |       |       ||   114
         Storm dragon scal |       |       |   229 |   627 |   647 |    38 ||  1541
  Dodge: Dodged            |    41 |    37 |    67 |   146 |   208 |    18 ||   517

Table legend: (Time is in decaauts)
 A = Elapsed time spent in this place.
 B = Non-inter-level travel time spent in this place.
 C = Inter-level travel time spent in this place.
 D = Time resting spent in this place.
 E = Time spent auto-exploring this place.
 F = Levels seen in this place.
 G = Mean time per level.
                   A        B        C        D        E       F      G
               +--------+--------+--------+--------+--------+-----+--------+
         Total |  10444 |   9815 |    629 |    688 |   1952 |  25 |  417.8 |
       Dungeon |   6132 |   5787 |    345 |    329 |   1922 |  12 |  511.0 |
          Lair |   2104 |   1916 |    188 |      0 |     30 |   5 |  420.8 |
  Orcish Mines |    661 |    587 |     74 |      0 |      0 |   2 |  330.5 |
   Elven Halls |    491 |    471 |     20 |      0 |      0 |   3 |  163.7 |
        Bailey |    474 |    474 |      0 |    229 |      0 |   1 |  474.0 |
      Ice Cave |    427 |    427 |      0 |    130 |      0 |   1 |  427.0 |
       Volcano |    151 |    151 |      0 |      0 |      0 |   1 |  151.0 |
               +--------+--------+--------+--------+--------+-----+--------+

Top non-repeatable levels by time:
     D:8: 925 daAuts
     D:1: 763 daAuts
     D:4: 708 daAuts
     D:6: 673 daAuts
     D:9: 627 daAuts
  Lair:1: 493 daAuts
  Bailey: 474 daAuts
     D:7: 465 daAuts
  Lair:5: 442 daAuts
   IceCv: 427 daAuts
   Orc:2: 423 daAuts
  Lair:4: 420 daAuts
  Lair:3: 399 daAuts
     D:2: 399 daAuts
    D:12: 384 daAuts
